 Dungeon Crawl Stone Soup version 0.32-a0-7-ge934b4519a (webtiles) character file.

Game seed: 8320949731546225789

68 timneilson the Ruffian (level 4, -1/29 HPs)
             Began as an Octopode Shapeshifter on Jan 13, 2024.
             Slain by Grinder (4 damage)
             ... on level 3 of the Dungeon.
             The game lasted 00:03:41 (1596 turns).

timneilson the Ruffian (Octopode Shapeshifter)      Turns: 1596, Time: 00:03:43

Health: -1/29      AC:  1    Str: 14 (15) XL:     4   Next: 19%
Magic:  4/4        EV: 13    Int: 10 (12) God:
Gold:   134        SH:  0    Dex:  8 (11) Spells: 3/3 levels left

rFire   . .          .
                       - Unarmed
rCold   . . .        (no shield)
rNeg    . . .        (helmet currently unavailable)
rPois   .            (no amulet)
rElec   .            (no ring)
rCorr   .            (no ring)
SInv    .            (no ring)
Will    .....        (no ring)
Stlth   ++           (no ring)
HPRegen 0.24/turn    (no ring)
MPRegen 0.09/turn    (no ring)
                     (no ring)

%: no passive effects
@: beast-form
A: beast (slay +1), almost no armour, amphibious, 8 rings, camouflage 1,
gelatinous body 1, (nimble swimmer 1), tentacles, high MP 1, teleportitis 1,
subdued magic 1
a: Begin Untransformation


You were on level 3 of the Dungeon.
You were a hulking beast.
You visited 1 branch of the dungeon, and saw 3 of its levels.

You collected 134 gold pieces.

Inventory:

Talismans
 b - a beast talisman
 c - a flux talisman
Scrolls
 k - a scroll of fog {unknown}
Potions
 a - a potion of lignification
 d - a potion of brilliance {unknown}
 e - a potion of might {unknown}
 f - a potion of mutation
 g - a potion of haste {unknown}
 h - 2 potions of curing {unknown}
 i - a potion of ambrosia {unknown}
 j - a potion of degeneration


   Skills:
 * Level 2.0 Fighting
 * Level 2.6 Dodging
 + Level 1.5 Stealth
 * Level 3.5 Unarmed Combat
 * Level 3.3 Shapeshifting


You had 3 spell levels left.
You didn't know any spells.
Your spell library contained the following spells:

 Spells                   Type           Power      Damage    Failure   Level
 Cause Fear               Hex            0%         N/A       98%         4
 Fireball                 Conj/Fire      0%         3d3       100%        5
 Dragon's Call            Summ           0%         N/A       100%        9


Dungeon Overview and Level Annotations

Branches:
Dungeon (3/15)

Altars:

Annotations:
D:3 3 runed translucent doors, 356356's ghost, amateur MiFi; Consumeair16's ghost, amateur HOWr; Grinder; cforsyth's ghost, amateur OnSh


Innate Abilities, Weirdness & Mutations

You are a hulking beast.
Your limbs bulge with bestial killing power. (Slay +1)
You cannot wear most types of armour.
You are amphibious.
You can wear up to eight rings at the same time.
Your skin changes colour to match your surroundings (Stealth+).
Your rubbery body absorbs attacks. (AC +1, EV +1)
((You are camouflaged when in or above water. (Stealth+)))
You have tentacles for arms and can constrict up to eight enemies at once.
You have an increased reservoir of magic. (+10% MP)
You are occasionally teleported next to monsters.
Your spells are a little easier to cast, but a little less powerful.


Message History

You tentacle-slap Grinder but do no damage.
Your grab misses Grinder. Grinder barely misses you.
You tentacle-slap Grinder but do no damage.
You grab Grinder. You squeeze Grinder.
Grinder is lightly wounded.
You constrict Grinder. Grinder hits you.
A ribbon worm comes into view.
You tentacle-slap Grinder but do no damage.
Grinder is lightly wounded.
You constrict Grinder. Grinder closely misses you.
You tentacle-slap Grinder. You squeeze Grinder!
Grinder is heavily wounded.
You constrict Grinder, but do no damage.
The adder barely misses you. The adder bites you. Grinder hits you.
* * * LOW HITPOINT WARNING * * *
You writhe in agony.
* * * LOW HITPOINT WARNING * * *
You tentacle-slap Grinder.
Grinder is heavily wounded.
You constrict Grinder. The adder bites you.
* * * LOW HITPOINT WARNING * * *
You barely miss Grinder.
Grinder is severely wounded.
You constrict Grinder. Grinder hits you but does no damage.
The adder bites you.
* * * LOW HITPOINT WARNING * * *
Unknown command.
It was a potion of mutation.
You feel extremely strange.
You feel weirdly uncertain.
You feel more energetic.
Your connection to magic feels subdued.
You constrict Grinder. Grinder gestures at you.
You resist with significant effort. The adder bites you but does no damage.
It was a potion of degeneration.
There was something very wrong with that liquid.
You feel weakened.
You feel dopey.
You feel clumsy.
You constrict Grinder. The adder bites you but does no damage.
Grinder hits you.
You die...
Grinder sighs, "Dead already?
I want a refund."

#..# #. #..# ## #. #..#
..##>##..# #.##.....#..#
.... #...##...#..# ...#
##.#.###...5.##
...###>.........h..#
...........###...S.#.#
...........####.#.......
...........#.........?#.
.......>.....####.#.#w..
.)......<#...# .#[# ..
.).......#...# .# . .
#)....######## .. ..
#.#.#.# ## ..


You could see Grinder, a ribbon worm and an adder.

Vanquished Creatures
  2 adders (D:2)
  A dart slug (D:2)
  4 orcs (D:3)
  4 bats
  An endoplasm (D:1)
  3 giant cockroaches
  2 goblins
  5 hobgoblins
  6 ball pythons
  2 frilled lizards (D:1)
  6 kobolds
  6 rats
42 creatures vanquished.

Notes
Turn   | Place    | Note
-------+----------+-------------------------------------------
     0 | D:1      | timneilson the Octopode Shapeshifter began the quest for
                  | the Orb.
     0 | D:1      | Reached XP level 1. HP: 13/13 MP: 1/1
   272 | D:1      | Reached XP level 2. HP: 17/18 MP: 2/2
   396 | D:1      | Reached skill level 1 in Stealth
   787 | D:2      | Reached XP level 3. HP: 16/23 MP: 3/3
  1362 | D:2      | Reached XP level 4. HP: 29/29 MP: 4/4
  1484 | D:3      | Found a runed translucent gate.
  1484 | D:3      | Found a runed translucent gate.
  1484 | D:3      | Found a runed translucent gate.
  1489 | D:3      | Noticed Consumeair16's ghost (amateur HOWr)
  1489 | D:3      | Noticed 356356's ghost (amateur MiFi)
  1489 | D:3      | Noticed cforsyth's ghost (amateur OnSh)
  1584 | D:3      | Noticed Grinder
  1595 | D:3      | Gained mutation: You are occasionally teleported next to
                  | monsters. [potion of mutation]
  1595 | D:3      | Gained mutation: You have an increased reservoir of magic.
                  | (+10% MP) [potion of mutation]
  1595 | D:3      | Gained mutation: Your spells are a little easier to cast,
                  | but a little less powerful. [potion of mutation]
  1596 | D:3      | Slain by Grinder

Illustrated notes

Levels and vault maps discovered:
D:1:      dpeg_arrival_central, layout_basic, minmay_pentomino_p4
D:2:      layout_basic
D:3:      layout_rooms, gammafunk_ghost_cemetery, uniq_grinder

Skill      XL: |  1  2  3  4 |
---------------+-------------+-----
Stealth        | 1 |  1.5
Fighting       | 2 |  2.0
Dodging        | |  2.6
Unarmed Combat | |  3.5
Shapeshifting  | |  3.3

Action                     |  1- 3 |  4- 6 || total
---------------------------+-------+-------++-------
  Melee: Unarmed           |    63 |    19 ||    82
         Constrict         |    20 |     4 ||    24
         Tentacles         |    14 |     5 ||    19
         Punch             |     1 |       ||     1
    Use: Scroll            |     1 |     1 ||     2
         Potion            |       |     2 ||     2
   Stab: Sleeping          |     6 |       ||     6
 Armour: Skin              |    21 |    15 ||    36
  Dodge: Dodged            |    36 |    14 ||    50

Table legend: (Time is in decaauts)
 A = Elapsed time spent in this place.
 B = Non-inter-level travel time spent in this place.
 C = Inter-level travel time spent in this place.
 D = Time resting spent in this place.
 E = Time spent auto-exploring this place.
 F = Levels seen in this place.
 G = Mean time per level.
                   A        B        C        D        E       F      G
               +--------+--------+--------+--------+--------+-----+--------+
         Total |   1590 |   1571 |     19 |      0 |   1225 |   3 |  530.0 |
       Dungeon |   1590 |   1571 |     19 |      0 |   1225 |   3 |  530.0 |
               +--------+--------+--------+--------+--------+-----+--------+

Top non-repeatable levels by time:
     D:1: 780 daAuts
     D:2: 689 daAuts
     D:3: 120 daAuts
